[Event "Early-Titled-Tuesday-Blitz-April-23-2024"]
[Site "Chess.com"]
[Date "2024.04.23"]
[Round "8"]
[White "ural58"]
[Black "bintang_top"]
[Result "1-0"]
[WhiteElo "2566"]
[BlackElo "2386"]
[TimeControl "180+1"]
[EndTime "9:32:20 PDT"]
[Termination "ural58 won on time"]

1. e4 d5 2. exd5 Nf6 3. d4 Nxd5 4. c4 Nb6 5. Nc3 e5 6. Nf3 Bg4 7. Qe2 Bxf3 8. Qxe5+ Be7 9. gxf3 O-O 10. Be3 Nc6 11. Qf4 Bd6 12. Qg4 f5 13. Qh3 f4 14. Bd3 g6 15. Rg1 Kg7 16. O-O-O fxe3 17. Bxg6 hxg6 18. Rxg6+ Kxg6 19. Rg1+ Kf7 20. Qh5+ Ke6 21. d5+ Kd7 22. Qh3+ Ke8 23. dxc6 bxc6 24. Qh5+ Kd7 25. Qg4+ Ke7 26. Re1 Bf4 27. fxe3 Be5 28. Rd1 Qc8 29. Qg5+ Bf6 30. Qc5+ Kf7 31. Ne4 Bxb2+ 32. Kc2 Bg7 33. Qh5+ Kg8 34.
Rg1 Qf5 35. Qh6 Rf7 36. Qxc6 Raf8 37. Rg3 Nxc4 38. Qxc4 Qh5 39. Nf6+ 1-0

[Event "Early-Titled-Tuesday-Blitz-April-23-2024"]
[Site "Chess.com"]
[Date "2024.04.23"]
[Round "8"]
[White "KnightDuta"]
[Black "AlexanderKing"]
[Result "1-0"]
[WhiteElo "2753"]
[BlackElo "2578"]
[TimeControl "180+1"]
[EndTime "9:32:21 PDT"]
[Termination "KnightDuta won on time"]

1. e4 e6 2. d4 d5 3. Nc3 Bb4 4. e5 c5 5. a3 Bxc3+ 6. bxc3 Qa5 7. Bd2 Qa4 8. Nf3 b6 9. h4 Ne7 10. h5 h6 11. Rh4 cxd4 12. Nxd4 Qd7 13. Qg4 Kf8 14. Qg3 Nbc6 15. Bd3 Nxd4 16. cxd4 Nf5 17. Bxf5 exf5 18. a4 Kg8 19. Qf4 Kh7 20. Rh3 Qe6 21. a5 Bd7 22. Rha3 b5 23. Bb4 Rac8 24. Bc5 a6 25.
Rg3 Rhe8 26. Kd2 f6 27. Re1 fxe5 28. Rxe5 Qf7 29. Bd6 Rxe5 30. Bxe5 Rg8 31. Rg6 Be8 32. Rxa6 Qxh5 33. Rd6 Qf7 34. a6 b4 35. Rb6 b3 36.
cxb3 Qa7 37. Bc7 Bh5 38. Qxf5+ Kh8 39. Qd7 Be8 40. Rxh6+ gxh6 41. Be5+ 1-0

[Event "Early-Titled-Tuesday-Blitz-April-23-2024"]
[Site "Chess.com"]
[Date "2024.04.23"]
[Round "8"]
[White "nicolochessit"]
[Black "oggy1984"]
[Result "0-1"]
[WhiteElo "2273"]
[BlackElo "2368"]
[TimeControl "180+1"]
[EndTime "9:32:21 PDT"]
[Termination "oggy1984 won by checkmate"]

1. e4 c5 2. Nf3 Nc6 3. Bb5 e6 4.
O-O Nge7 5. Re1 a6 6. Bf1 d6 7. c3 e5 8. d4 Ng6 9. Be3 b6 10. a4 Be7 11. Na3 O-O 12. Rb1 Bg4 13. d5 Nb8 14. b4 Nd7 15. Nc4 b5 16. Na3 cxb4 17.
cxb4 bxa4 18. Be2 Nb6 19. Bxb6 Qxb6 20. Qxa4 Nf4 21. Nc4 Qd8 22. h3 Bd7 23. Qa2 Bb5 24. Bf1 Bg5 25. Ne3 g6 26. g3 Nh5 27. Nc4 Bh6 28. Na5 f5 29. exf5 gxf5 30. Nc6 Qf6 31. Nfxe5 dxe5 32. Nxe5 Kh8 33. Rbc1 Bxc1 34. Rxc1 Qxe5 35.
Qd2 Nxg3 36. Bxb5 axb5 37. d6 Ne2+ 38. Kf1 Nxc1 39. Qxc1 Ra1 40. Qxa1 Qxa1+ 41. Kg2 Qd4 42. d7 Qxd7 43. h4 Qd5+ 44. Kh3 Rg8 45. h5 Qh1# 0-1

[Event "Early-Titled-Tuesday-Blitz-April-23-2024"]
[Site "Chess.com"]
[Date "2024.04.23"]
[Round "8"]
[White "SpeedofLight0"]
[Black "Prizant_academy"]
[Result "1-0"]
[WhiteElo "3086"]
[BlackElo "2940"]
[TimeControl "180+1"]
[EndTime "9:32:22 PDT"]
[Termination "SpeedofLight0 won by resignation"]

1. d4 d5 2. Nc3 Nf6 3. Bf4 c5 4. e3 cxd4 5. exd4 a6 6. Nf3 Nc6 7. Ne5 Bd7 8. Ne2 e6 9. c3 Nxe5 10. Bxe5 Bb5 11. a4 Bc4 12. Nc1 Bxf1 13. Kxf1 Bd6 14. Nd3 O-O 15. h4 Bxe5 16. Nxe5 Ne4 17. g3 Qf6 18. Nf3 b5 19. Kg2 Rab8 20. Qe2 Rfc8 21.
Ne5 Qe7 22. Nd3 h6 23. axb5 axb5 24. Ra6 Ra8 25. Rha1 Qb7 26. Nb4 Rxa6 27. Rxa6 e5 28. f3 exd4 29. fxe4 dxe4 30. Rd6 e3+ 31. Qf3 Qxf3+ 32.
Kxf3 dxc3 33. bxc3 Rxc3 34. Nd5 Rb3 35. Nxe3 b4 36.
Rb6 Rb1 37. Nc4 b3 38. Nd2 Rd1 39. Nxb3 Rd7 40. Nc5 Rc7 41. Ne4 Kh7 42. h5 g6 43.
Nf6+ Kh8 44. Rb8+ Kg7 45. Ne8+ 1-0

[Event "Early-Titled-Tuesday-Blitz-April-23-2024"]
[Site "Chess.com"]
[Date "2024.04.23"]
[Round "8"]
[White "viktorskliarov"]
[Black "patzer-reloaded"]
[Result "1-0"]
[WhiteElo "2604"]
[BlackElo "2431"]
[TimeControl "180+1"]
[EndTime "9:32:22 PDT"]
[Termination "viktorskliarov won on time"]

1. e4 d6 2. d4 Nf6 3. Nc3 g6 4. f3 Bg7 5. Be3 O-O 6. Qd2 e5 7. Nge2 Nc6 8. d5 Ne7 9. g4 c6 10. g5 Nh5 11. O-O-O cxd5 12. Nxd5 Nxd5 13. Qxd5 Be6 14.
Qxd6 Qa5 15. Nc3 Rfc8 16. Rd5 Bxd5 17. Qxd5 Qc7 18. Bd3 Nf4 19. Bxf4 exf4 20. Nb5 Qe5 21. Qxe5 Bxe5 22. h4 a6 23. Na3 b5 24. Nb1 Kg7 25. Nd2 Rh8 26. h5 h6 27. hxg6 hxg5 28. Rxh8 Rxh8 29.
gxf7 Kxf7 30. c4 Bd4 31. Nb3 Be3+ 32. Kd1 g4 33. fxg4 f3 34. cxb5 axb5 35. Bxb5 Rh1+ 36. Kc2 f2 37. a4 f1=Q 38. Bxf1 Rxf1 39. Na5 Ke6 40. b4 Kd6 41. Nc4+ Ke6 42. Nxe3 Re1 43. Kd3 Ra1 44. a5 1-0

[Event "Early-Titled-Tuesday-Blitz-April-23-2024"]
[Site "Chess.com"]
[Date "2024.04.23"]
[Round "8"]
[White "guillembaches"]
[Black "Nemegejas"]
[Result "0-1"]
[WhiteElo "2586"]
[BlackElo "2809"]
[TimeControl "180+1"]
[EndTime "9:32:23 PDT"]
[Termination "Nemegejas won on time"]

1. e4 c6 2. c4 d5 3. exd5 cxd5 4. cxd5 Nf6 5. Nc3 Nxd5 6. Nf3 e6 7. d4 Nc6 8. Bb5 Bb4 9. Bd2 O-O 10. O-O Nce7 11.
Re1 b6 12. a3 Bxc3 13. bxc3 Bb7 14. Bd3 Rc8 15. Rc1 Ng6 16. Ng5 Nf6 17. Qe2 Re8 18.
Nf3 Re7 19. Ne5 Rec7 20. Nxg6 hxg6 21. a4 Qd5 22. f3 Qd7 23. Qf2 Nd5 24. c4 Ne7 25. a5 Nf5 26. axb6 axb6 27. Bxf5 gxf5 28. c5 bxc5 29. dxc5 Bd5 30. Bf4 Rc6 31. Bd6 f6 32. h4 e5 33. Ra1 f4 34. Ra5 Qf5 35. Rea1 Kh7 36. Ra7 Rxd6 37. cxd6 Rc2 38. d7 Rxf2 39. Kxf2 Qc2+ 40. Kg1 Qc5+ 41. Kh2 Qd6 0-1

[Event "Early-Titled-Tuesday-Blitz-April-23-2024"]
[Site "Chess.com"]
[Date "2024.04.23"]
[Round "8"]
[White "grzechu96"]
[Black "rasmussvane"]
[Result "0-1"]
[WhiteElo "2790"]
[BlackElo "2962"]
[TimeControl "180+1"]
[EndTime "9:32:24 PDT"]
[Termination "rasmussvane won on time"]

1. e4 c6 2. d4 d5 3. e5 Bf5 4.
Nf3 e6 5. Be2 Ne7 6. O-O Nd7 7.
Nh4 Bg6 8. Nd2 Nf5 9. Nxg6 hxg6 10. Nf3 a6 11. g3 Be7 12. h4 c5 13. c3 Rc8 14. Kg2 Qb6 15. Rb1 cxd4 16. cxd4 Nb8 17.
Bd2 Nc6 18. Bc3 f6 19. exf6 Bxf6 20. Bd3 Nfxd4 21. Bxg6+ Kd7 22. Nh2 Nb5 23. Ng4 Bxc3 24. bxc3 Qc5 25. a4 Nd6 26. Qd2 Qc4 27. Ne3 Qc5 28.
Ng4 Rcf8 29. Rfe1 Qc4 30. Ne3 Qc5 31. Re2 Ne5 32. Bd3 Kc7 33. Qc2 Qc6 34. Kh2 Nf3+ 35. Kh3 g5 36. Ng2 gxh4 37. gxh4 e5 38. Bg6 Qd7+ 39.
Kg3 e4 40. c4 Rfg8 41. cxd5+ Kb8 42. Nf4 Qf5 43. Qc5 Rxg6+ 44. Nxg6 Qxg6+ 45. Kf4 Qh6+ 0-1

[Event "Early-Titled-Tuesday-Blitz-April-23-2024"]
[Site "Chess.com"]
[Date "2024.04.23"]
[Round "8"]
[White "PonyQueen07"]
[Black "Fjal"]
[Result "1-0"]
[WhiteElo "2221"]
[BlackElo "2324"]
[TimeControl "180+1"]
[EndTime "9:32:25 PDT"]
[Termination "PonyQueen07 won by resignation"]

1. c4 e5 2. Nc3 g6 3. g3 Bg7 4.
Bg2 Ne7 5. e4 O-O 6. Nge2 d6 7.
O-O c6 8. d3 a6 9. Be3 b5 10.
b3 Nd7 11. Rc1 Nc5 12. b4 Ne6 13. c5 dxc5 14. bxc5 a5 15. Qc2 Nd4 16. Qd2 a4 17.
f4 exf4 18. Nxf4 b4 19. Nce2 b3 20. Nxd4 Bxd4 21. axb3 axb3 22. Kh1 Ba6 23. Bxd4 Qxd4 24. Rfd1 Rfd8 25. Rc3 Rab8 26. Ne2 Qb4 27. Qb2 h5 28. h4 Kh7 29. Nf4 Ng8 30. Rb1 Nf6 31. Rxb3 Qxb3 32. Qxb3 Rxb3 33. Rxb3 Ng4 34. Bf3 Nf2+ 35. Kg2 Nxd3 36.
Nxd3 Bxd3 37. Rb7 Kg7 38. e5 Bb5 39. e6 Rf8 40. e7 Re8 41. Kf2 Kf6 42. Rb6 Rxe7 43.
Bxc6 Bxc6 44. Rxc6+ Re6 45. Rxe6+ Kxe6 46. Kf3 Kd5 47. Kf4 Kxc5 48. Ke5 Kc4 49. Kf6 Kd3 50. Kxf7 Ke3 51. Kxg6 Kf3 52. Kxh5 Kxg3 53. Kg5 1-0

[Event "Early-Titled-Tuesday-Blitz-April-23-2024"]
[Site "Chess.com"]
[Date "2024.04.23"]
[Round "8"]
[White "maurovargas01"]
[Black "C_K_G"]
[Result "0-1"]
[WhiteElo "1883"]
[BlackElo "2297"]
[TimeControl "180+1"]
[EndTime "9:32:25 PDT"]
[Termination "C_K_G won on time"]

1. e4 c5 2. Nc3 d6 3. f4 e6 4. Nf3 a6 5. d3 Be7 6. g4 b5 7. h4 Bb7 8. Bg2 b4 9. Ne2 Nc6 10. O-O h5 11. g5 g6 12. b3 e5 13.
fxe5 dxe5 14. Bb2 Nd4 15. Nxe5 Rh7 16. Bh3 Bxg5 17. Bd7+ Kf8 18. Nxd4 Be3+ 19. Kg2 cxd4 20. Nxg6+ Kg7 21. Ne5 Qxh4 22. Qf3 f6 23. Nc4 Rh6 24. Bf5 Ne7 25. Nxe3 dxe3 26. Qxe3 Nxf5 27. Rxf5 Rg6+ 28. Kf3 Rg3+ 29. Ke2 Rxe3+ 30. Kxe3 Qg4 31. Bxf6+ Kh7 32. Raf1 Rg8 33. Be5 Bc8 34. Rf7+ Kg6 35. R1f6+ Kg5 36. Bf4+ Kh4 37. Bd6 Qg1+ 0-1

[Event "Early-Titled-Tuesday-Blitz-April-23-2024"]
[Site "Chess.com"]
[Date "2024.04.23"]
[Round "8"]
[White "shimastream"]
[Black "K_A_S_T_O_R"]
[Result "1/2-1/2"]
[WhiteElo "3049"]
[BlackElo "2869"]
[TimeControl "180+1"]
[EndTime "9:32:26 PDT"]
[Termination "Game drawn by repetition"]

1. e4 e6 2. d4 d5 3. Nc3 Bb4 4. Ne2 Nc6 5. a3 Ba5 6. b4 Bb6 7. e5 f6 8. exf6 Qxf6 9. Be3 Nge7 10. Na4 Nf5 11. Nxb6 axb6 12. b5 Nxe3 13. fxe3 Ne7 14. Nf4 Nf5 15. Qd2 O-O 16. g3 Bd7 17. Bd3 Nd6 18. O-O Qe7 19. a4 c6 20. bxc6 bxc6 21. Qc3 Rfe8 22. a5 bxa5 23. Rxa5 Rxa5 24. Qxa5 e5 25. dxe5 Qxe5 26. Re1 g5 27. Qc7 Qe7 28. Nh5 Rf8 29. g4 Ne8 30. Qg3 Nf6 31. Nxf6+ Rxf6 32. e4 d4 33. e5 Rf4 34. h3 Be6 35. Rf1 Qf7 36. Rxf4 Qxf4 37. Qxf4 gxf4 38. Kf2 Bd5 39.
g5 Kg7 40. h4 h6 41. Bf5 hxg5 42. hxg5 c5 43. Ke2 c4 44. Kd2 Kf7 45. Ke2 Kg7 46. Kd2 f3 47. Ke1 Kf7 48. Kf2 Kg7 49. Ke1 Kf7 50.
Kf2 Kg7 51. Ke1 1/2-1/2

[Event "Early-Titled-Tuesday-Blitz-April-23-2024"]
[Site "Chess.com"]
[Date "2024.04.23"]
[Round "8"]
[White "sathvikadiga"]
[Black "inagreV"]
[Result "0-1"]
[WhiteElo "2614"]
[BlackElo "2417"]
[TimeControl "180+1"]
[EndTime "9:32:26 PDT"]
[Termination "inagreV won by checkmate"]

1. e4 e6 2. d4 d5 3. Bd3 c5 4.
exd5 exd5 5. Nf3 c4 6. Be2 Nf6 7.
O-O Bd6 8. b3 cxb3 9. axb3 O-O 10.
c4 h6 11. Na3 Nc6 12. Nc2 Re8 13. h3 Ne4 14. Be3 Bf5 15. Bd3 Qf6 16. c5 Bc7 17.
b4 Ne7 18. Ne5 Ng6 19. Ng4 Qh4 20. f3 Bxg4 21. fxg4 Qg3 22. Bxe4 Rxe4 23. Qf3 Qh2+ 24. Kf2 Nh4 25. Qe2 Qxg2+ 26. Ke1 Qg3+ 27. Kd2 Rae8 28.
Rf2 Bf4 29. Re1 Bxe3+ 30. Nxe3 Rxd4+ 31. Kc3 Rde4 32. Qd2 Rxe3+ 33. Rxe3 Rxe3+ 34. Kc2 Qe5 35. Rf1 Nf3 36. Rb1 Nd4+ 37. Kd1 Qe4 38. Qf2 Qxb1+ 39. Kd2 Qd3+ 40. Kc1 Re2 41. Qxf7+ Kxf7 42. c6 Qc2# 0-1

[Event "Early-Titled-Tuesday-Blitz-April-23-2024"]
[Site "Chess.com"]
[Date "2024.04.23"]
[Round "8"]
[White "karinachess1"]
[Black "viktorgen2021"]
[Result "1-0"]
[WhiteElo "2610"]
[BlackElo "2466"]
[TimeControl "180+1"]
[EndTime "9:32:26 PDT"]
[Termination "karinachess1 won on time"]

1. d4 Nf6 2. c4 g6 3. Nc3 Bg7 4. e4 O-O 5. Be2 d6 6. h4 h5 7. Bg5 Nc6 8. Nf3 Bg4 9. d5 Nb8 10. O-O e5 11. dxe6 Bxe6 12. Nd4 Qd7 13. Qc2 Nc6 14. Nxe6 Qxe6 15. Rad1 Rfe8 16. f3 Nh7 17. Be3 Bf6 18. Bf2 Bg7 19. Nd5 Rac8 20. b4 b6 21. b5 Ne5 22. Bd4 Nf6 23. Be3 Nfd7 24. Bf2 Nc5 25. Rfe1 Kh7 26. f4 Ng4 27. Bf3 Nxf2 28.
Qxf2 Qd7 29. Re2 Kh8 30. Ree1 Qe6 31. g3 Qd7 32. Kg2 c6 33. bxc6 Qxc6 34. e5 dxe5 35.
Ne7 Qa4 36. Nxc8 Rxc8 37. fxe5 Ne6 38. Bd5 Rf8 39. Rf1 Bxe5 40. Qe2 Bg7 41. Bxe6 Re8 42. Rxf7 Qc6+ 43. Qf3 Qxe6 44. Rdd7 Qe1 45. Rxg7 Re2+ 46. Kh3 1-0

[Event "Early-Titled-Tuesday-Blitz-April-23-2024"]
[Site "Chess.com"]
[Date "2024.04.23"]
[Round "8"]
[White "CMButgood"]
[Black "esrosenberg"]
[Result "1-0"]
[WhiteElo "2184"]
[BlackElo "2311"]
[TimeControl "180+1"]
[EndTime "9:32:26 PDT"]
[Termination "CMButgood won on time"]

1. e4 g6 2. d4 Bg7 3. Nc3 d5 4. e5 f6 5. f4 Nh6 6. Nf3 Bg4 7. Be2 O-O 8. O-O e6 9. exf6 Bxf6 10. Ne5 Bxe2 11.
Qxe2 Nf5 12. Be3 c5 13. dxc5 d4 14. Rad1 Nxe3 15. Qxe3 dxe3 16. Rxd8 Bxd8 17. Ne4 Nc6 18. Nc4 e5 19. fxe5 Rxf1+ 20. Kxf1 Bc7 21. e6 Nd4 22. Nf6+ Kg7 23. Nd5 Nxe6 24. Ncxe3 Bxh2 25. b4 Be5 26. Nc4 Bd4 27. Nd6 b6 28. c6 Rd8 29. c7 Nxc7 30. Nxc7 Kg8 31. Ne4 Be5 32. Nb5 Rd1+ 33. Ke2 Ra1 34.
Nxa7 Rxa2 35. Nb5 Rxc2+ 36. Kf3 Bg7 37. Nbd6 Rb2 38. b5 Bf8 39. Nf6+ Kg7 40. Nfe8+ Kh6 41. Nf7+ Kh5 42. Nf6+ Kh4 43. g3+ Kh3 44. Ng5+ Kh2 45.
Ng4+ Kh1 46. Nf2+ Rxf2+ 47. Kxf2 h6 48. Nh3 Bd6 49. Kf3 g5 50. Nf2+ Kg1 51. Ne4 1-0

[Event "Early-Titled-Tuesday-Blitz-April-23-2024"]
[Site "Chess.com"]
[Date "2024.04.23"]
[Round "8"]
[White "Iskusnyh"]
[Black "ccccvhhhj"]
[Result "1-0"]
[WhiteElo "2644"]
[BlackElo "2466"]
[TimeControl "180+1"]
[EndTime "9:32:28 PDT"]
[Termination "Iskusnyh won on time"]

1. d4 e5 2. dxe5 d6 3. Nc3 Nc6 4. Nf3 Bg4 5. Bg5 Qd7 6. exd6 Bxd6 7. e3 f6 8. Bh4 O-O-O 9. Bb5 Nge7 10. Qe2 Nf5 11.
Bg3 Nxg3 12. hxg3 Bb4 13. Qc4 Be6 14. Bxc6 Bxc4 15. Bxd7+ Rxd7 16. Rh4 Bxc3+ 17. bxc3 Bd5 18. c4 Bxf3 19. gxf3 h6 20. Rd4 Re8 21. Rad1 Rxd4 22. Rxd4 c6 23. f4 Re7 24. Ke2 Kc7 25. c5 Re8 26.
Ra4 a6 27. Rd4 Re7 28. Kf3 Re8 29. Kg4 g6 30. Kf3 h5 31. Rd6 Rf8 32. Ke4 b6 33.
Kd4 Rf7 34. e4 a5 35. e5 fxe5+ 36. Kxe5 bxc5 37. Rxg6 Re7+ 38. Re6 Rd7 39. f5 Rd2 40. Re7+ Kd8 41. Ra7 Rxc2 42. f4 c4 43. f6 Ke8 44.
f7+ Kf8 45. Kf6 Rd2 46. Ra8+ 1-0

[Event "Early-Titled-Tuesday-Blitz-April-23-2024"]
[Site "Chess.com"]
[Date "2024.04.23"]
[Round "8"]
[White "Anton_Demchenko"]
[Black "Keranke"]
[Result "1/2-1/2"]
[WhiteElo "2977"]
[BlackElo "2865"]
[TimeControl "180+1"]
[EndTime "9:32:29 PDT"]
[Termination "Game drawn by repetition"]

1. e4 d5 2. exd5 Qxd5 3. Nc3 Qd6 4. g3 Nf6 5. Bg2 a6 6. Nge2 Nc6 7. d3 Bf5 8. Ne4 Nxe4 9. dxe4 Qxd1+ 10. Kxd1 O-O-O+ 11. Bd2 Bd7 12. Kc1 e5 13. Be3 Be6 14. Rd1 Be7 15.
Nc3 Rxd1+ 16. Kxd1 Rd8+ 17. Kc1 Nd4 18. Nd5 Bf8 19. c3 Nb5 20. Kc2 c6 21. Nb6+ Kc7 22. Na4 Kc8 23. Nc5 Bxc5 24. Bxc5 f6 25. a4 Nd6 26. b3 Kc7 27. a5 Nc8 28. f4 Rd7 29.
f5 Bf7 30. g4 Nd6 31. Rd1 Nb5 32. Bb6+ Kc8 33. Rxd7 Kxd7 34. h4 h6 35. Bf1 Nd6 36. Bd3 Ke7 37. Bc5 Kd7 38. c4 Kc7 39. Kc3 Kd7 40. Kd2 Kc7 41. Ke3 Kd7 42. Kf3 Kc7 43. Kg3 Kd7 44. Kf2 Kc7 45. Bb6+ Kd7 46. Ke2 Ke7 47. Be3 Kd7 48. g5 hxg5 49. hxg5 Ke7 50. g6 Bg8 51. Bc5 Kd7 52. Kd2 Kc7 53. Kc3 Kd7 54. Bb6 Nc8 55. Bc5 Nd6 56. Kb4 Kc7 57. Bc2 Kd7 58. Kc3 Kc7 59. Bd3 Kd7 1/2-1/2

[Event "Early-Titled-Tuesday-Blitz-April-23-2024"]
[Site "Chess.com"]
[Date "2024.04.23"]
[Round "8"]
[White "FXDon77"]
[Black "TenisMaster"]
[Result "1-0"]
[WhiteElo "2860"]
[BlackElo "2964"]
[TimeControl "180+1"]
[EndTime "9:32:29 PDT"]
[Termination "FXDon77 won on time"]

1. e4 e5 2. Nf3 Nc6 3. Bc4 Bc5 4.
O-O Nf6 5. d3 d6 6. c3 a6 7. a4 Ba7 8. Nbd2 O-O 9. h3 h6 10.
Re1 Re8 11. b4 Be6 12. Bxe6 Rxe6 13. Qc2 Qd7 14. Rb1 Ne7 15. Nf1 Ng6 16. Ng3 Rd8 17.
c4 Ree8 18. a5 Nh7 19. Nf5 Ne7 20. N3h4 Nxf5 21. Nxf5 Re6 22. Qe2 Rde8 23. Qg4 g6 24. Bxh6 Nf6 25. Qh4 Nh5 26. Ng3 Nxg3 27. Qxg3 c6 28.
h4 Bd4 29. Be3 Bxe3 30. fxe3 d5 31. exd5 cxd5 32. c5 f5 33. Rf1 Kh7 34. h5 Rf8 35.
Rf2 d4 36. Rbf1 dxe3 37. Qxe3 f4 38. Qe4 Kg7 39. hxg6 Rd8 40. Qf5 Qe7 41. Re1 Rf8 42. Qh5 Qf6 43. Qg4 Qxg6 44. Qxg6+ Kxg6 45. Rf3 1-0

[Event "Early-Titled-Tuesday-Blitz-April-23-2024"]
[Site "Chess.com"]
[Date "2024.04.23"]
[Round "8"]
[White "Antosha_Chekhonte"]
[Black "Lupul_Cenusiu"]
[Result "1-0"]
[WhiteElo "2561"]
[BlackElo "2658"]
[TimeControl "180+1"]
[EndTime "9:32:29 PDT"]
[Termination "Antosha_Chekhonte won on time"]

1. e4 c6 2. d4 d5 3. exd5 cxd5 4. Bd3 Nc6 5. c3 Nf6 6. Bf4 Bg4 7. Qb3 Qd7 8. Nd2 e6 9. Ngf3 Bd6 10. Bxd6 Qxd6 11.
O-O O-O 12. Rfe1 Ne7 13. Ne5 Bf5 14. Bf1 h6 15. a4 a5 16. Qa3 Qc7 17. h3 Ne4 18.
Nxe4 Bxe4 19. Bb5 Nc8 20. Qc5 Qxc5 21. dxc5 Na7 22. f3 Bf5 23. g4 Bh7 24. b4 Rfc8 25.
Nd7 Rc7 26. Nb6 Rd8 27. Red1 Bc2 28. Rd2 Bb3 29. Ra3 Nxb5 30. axb5 a4 31. c4 d4 32. Kf2 e5 33. Rb2 d3 34. Ke3 g6 35. Nxa4 Bxc4 36. Nc3 f5 37. b6 Re7 38. Ra7 Kf7 39. b5 e4 40. f4 fxg4 41. hxg4 h5 42. gxh5 gxh5 43.
c6 Rb8 44. c7 1-0

[Event "Early-Titled-Tuesday-Blitz-April-23-2024"]
[Site "Chess.com"]
[Date "2024.04.23"]
[Round "8"]
[White "Gryffindorac8"]
[Black "ChEsper99"]
[Result "1-0"]
[WhiteElo "2452"]
[BlackElo "2252"]
[TimeControl "180+1"]
[EndTime "9:32:31 PDT"]
[Termination "Gryffindorac8 won on time"]

1. d4 Nf6 2. c4 g6 3. Nc3 Bg7 4. e4 d6 5. Nf3 O-O 6. h3 c6 7. Be3 Qc7 8. Be2 a6 9. O-O e5 10. d5 Nbd7 11. Rc1 c5 12. a3 Ne8 13. b4 b6 14. Rb1 f5 15. Ng5 Ndf6 16. bxc5 bxc5 17.
Ne6 Bxe6 18. dxe6 Qe7 19. Qa4 Qxe6 20. Rb7 fxe4 21. Qc6 Qc8 22. Qxc8 Rxc8 23. Rfb1 Rf7 24. Rxf7 Kxf7 25. Rb7+ Rc7 26. Rb6 Ra7 27. Na4 Bf8 28. Bd1 Be7 29. Bc2 Bd8 30. Rb8 Bc7 31. Rb1 Ke6 32.
Nc3 Ng7 33. Nxe4 Nxe4 34. Bxe4 Nf5 35. Bg5 Ba5 36. Bd5+ Kd7 37. Rb8 h6 38. Rh8 hxg5 39.
Rh7+ Ne7 40. Be4 Ra8 41. h4 Rb8 42. hxg5 Rg8 43. Bd5 Rf8 44. Be4 Rf4 45. Bxg6 Rg4 46. Bf5+ Ke8 47. Bxg4 1-0

[Event "Early-Titled-Tuesday-Blitz-April-23-2024"]
[Site "Chess.com"]
[Date "2024.04.23"]
[Round "8"]
[White "jbking07"]
[Black "osielchesslover2011"]
[Result "0-1"]
[WhiteElo "2459"]
[BlackElo "2229"]
[TimeControl "180+1"]
[EndTime "9:32:32 PDT"]
[Termination "osielchesslover2011 won on time"]

1. e4 c5 2. Nf3 d6 3. d4 cxd4 4. Nxd4 Nf6 5. Nc3 a6 6. Be2 e6 7. f4 Nc6 8. Be3 Qc7 9. Qd2 Be7 10. Nxc6 bxc6 11. g4 h6 12. h4 Nd7 13. O-O-O Rb8 14.
g5 Qb7 15. Na4 d5 16. f5 Bb4 17. c3 Ba3 18. g6 fxg6 19. fxe6 Ne5 20. exd5 cxd5 21. Bf4 Bd6 22. Qc2 O-O 23. Rhf1 Bxe6 24. Bxe5 Bxe5 25. Nc5 Qe7 26. Nxe6 Qxe6 27. Bd3 Bf4+ 28.
Kb1 Qb6 29. Bxg6 Rf6 30. h5 Be5 31. Rxf6 Bxf6 32. Rxd5 Rc8 33. Rd1 Rxc3 34. Qe2 Rc8 35. Ka1 Rb8 36. Rb1 Kh8 37. a3 Rc8 38. Ka2 Qc6 39. Qd3 Qb6 40. Qe2 Rb8 41. Qd3 Qe6+ 0-1

[Event "Early-Titled-Tuesday-Blitz-April-23-2024"]
[Site "Chess.com"]
[Date "2024.04.23"]
[Round "8"]
[White "Aygehovit1992"]
[Black "2Coaches1Profile"]
[Result "1-0"]
[WhiteElo "2739"]
[BlackElo "2557"]
[TimeControl "180+1"]
[EndTime "9:32:33 PDT"]
[Termination "Aygehovit1992 won on time"]

1. e4 Nf6 2. e5 Nd5 3. d4 d6 4. Nf3 Nc6 5. exd6 exd6 6. c4 Nb6 7. Nc3 Be7 8. Be3 O-O 9. h3 Bf5 10. Be2 h6 11. O-O Bf6 12. a4 a5 13. c5 Nd7 14. cxd6 cxd6 15. Nd5 Be4 16. Nxf6+ Nxf6 17. Rc1 Nd5 18. Nd2 Nxe3 19. fxe3 Bg6 20. Bf3 Re8 21.
Rc3 Rc8 22. Bg4 Rc7 23. Qf3 Nb4 24. Kh2 Nc2 25. Rb3 Rce7 26. Rxb7 Nxe3 27. Rf2 Nxg4+ 28. hxg4 Rxb7 29. Qxb7 Qh4+ 30. Kg1 Re1+ 31. Nf1 Qxg4 32. Qa8+ Kh7 33. Qxa5 Qd1 34. Qc3 Bd3 35. Kh2 Rxf1 36. Rxf1 Qxf1 37. b4 Qf4+ 38. Kg1 Qf1+ 39. Kh2 Be4 40. Qd2 g5 41. b5 Qc4 42. b6 Qxa4 43. Qf2 Qb3 44. Qf6 1-0

[Event "Early-Titled-Tuesday-Blitz-April-23-2024"]
[Site "Chess.com"]
[Date "2024.04.23"]
[Round "8"]
[White "Kirill_Klukin"]
[Black "ChristianArca"]
[Result "1-0"]
[WhiteElo "2844"]
[BlackElo "2647"]
[TimeControl "180+1"]
[EndTime "9:32:34 PDT"]
[Termination "Kirill_Klukin won by resignation"]

1. d4 d5 2. c4 c6 3. Nf3 Nf6 4. Nc3 a6 5. e3 Bf5 6. Bd3 Bxd3 7.
Qxd3 e6 8. O-O Nbd7 9. b3 Bb4 10.
Bb2 O-O 11. Nd2 b5 12. e4 Rb8 13. e5 Ne8 14. a3 bxc4 15. bxc4 Ba5 16. Rab1 Nc7 17.
c5 f5 18. Na4 f4 19. Bc3 Nb5 20. Bb4 Bc7 21. Nc3 g5 22. a4 Nxc3 23. Bxc3 Ra8 24. h3 Rf7 25. Rb7 Qc8 26. Rfb1 Bd8 27. Qe2 Nxe5 28.
Rxf7 Nxf7 29. Re1 Ra7 30. Qg4 Re7 31. Nf3 Re8 32. h4 h6 33. Bd2 Kf8 34. Qh5 Bf6 35.
Qg6 Ke7 36. hxg5 hxg5 37. Rb1 Rg8 38. Qh7 Rh8 39. Qd3 Qc7 40. Qxa6 Rb8 41. Rxb8 Qxb8 42.
Qb6 Qxb6 43. cxb6 Kd7 44. a5 g4 45. Bxf4 Kc8 46. a6 Nd8 47. b7+ Nxb7 48. axb7+ Kxb7 49. Ne5 1-0

[Event "Early-Titled-Tuesday-Blitz-April-23-2024"]
[Site "Chess.com"]
[Date "2024.04.23"]
[Round "8"]
[White "klercaku"]
[Black "McCarthyStone"]
[Result "0-1"]
[WhiteElo "2257"]
[BlackElo "2407"]
[TimeControl "180+1"]
[EndTime "9:32:34 PDT"]
[Termination "McCarthyStone won by resignation"]

1. e4 e5 2. Nf3 d6 3. d4 exd4 4.
Nxd4 Nf6 5. Nc3 g6 6. Be2 Bg7 7. Be3 O-O 8. Qd2 Re8 9. f3 d5 10. exd5 Nxd5 11. Nxd5 Qxd5 12. O-O-O Qxa2 13. Qc3 Nd7 14. Bc4 Qa4 15. Bb5 Qa2 16. Bc4 Rxe3 17. Qxe3 Qa1+ 18. Kd2 Qa5+ 19. c3 Ne5 20. Bb3 Qb6 21. f4 Qxb3 22. Nxb3 Nc4+ 23. Ke2 Bg4+ 24. Kf2 Nxe3 25. Kxe3 Bxd1 26. Rxd1 Re8+ 27. Kf3 Re6 28.
Rd7 Rb6 29. Nc5 Rxb2 30. Rxc7 Bxc3 31. Nxb7 a6 32. Nd6 Ba5 33. Rc8+ Kg7 34. Ne8+ Kh6 35. Nf6 Rb3+ 36. Kg4 Bc3 37. Ne4 f5+ 38. Kh4 fxe4 39.
g4 Bf6+ 40. g5+ Kg7 41. Rc7+ Kf8 42. gxf6 Rb5 43. Rxh7 Rh5+ 44. Rxh5 gxh5 45. Kg3 a5 46. Kf2 a4 47. Ke3 a3 48. Kxe4 a2 49. Kf5 a1=Q 50. Kg5 Kf7 51. Kxh5 Kxf6 52. Kg4 Qg1+ 0-1

[Event "Early-Titled-Tuesday-Blitz-April-23-2024"]
[Site "Chess.com"]
[Date "2024.04.23"]
[Round "8"]
[White "Eagle_2019"]
[Black "Thunderbolt135"]
[Result "0-1"]
[WhiteElo "2844"]
[BlackElo "2694"]
[TimeControl "180+1"]
[EndTime "9:32:35 PDT"]
[Termination "Thunderbolt135 won on time"]

1. d4 Nf6 2. c4 e6 3. Nf3 d5 4.
Nc3 c6 5. e3 Bd6 6. Bd3 O-O 7. e4 dxe4 8. Nxe4 Nxe4 9. Bxe4 Nd7 10. O-O h6 11. b3 e5 12. Bb2 f5 13. Bc2 e4 14. Ne5 Nxe5 15. dxe5 Bc5 16. Qe1 a5 17. Rd1 Qe7 18. Kh1 Be6 19. f3 exf3 20. Rxf3 b6 21. Qf1 Rad8 22. Rfd3 Rxd3 23. Qxd3 Qh4 24. Qf3 Rd8 25.
Rxd8+ Qxd8 26. Qxc6 Kf7 27. g4 Qd2 28. Bxf5 Bxf5 29.
gxf5 Qe1+ 30. Kg2 Qf2+ 31. Kh3 Qxf5+ 32. Kg2 Qf2+ 33. Kh3 Qxb2 34. Qd5+ Ke7 35. Qb7+ Ke6 36. Qd5+ Kf5 37. Qf7+ Ke4 38. Qg6+ Ke3 39. Qg3+ Kd4 40. Qg4+ Kc3 41. Qxg7 Kb4 0-1